[Event "1000GM Saint Louis 2022"]
[Site "Saint Louis"]
[Date "2022.07.20"]
[Round "4.3"]
[White "Yu, Jennifer"]
[Black "Gauri, Shankar"]
[Result "*"]
[ECO "E65"]
[WhiteElo "2268"]
[BlackElo "2376"]
[Annotator "TA"]
[PlyCount "37"]
[EventDate "2022.07.20"]
[EventType "tourn"]
[EventCountry "USA"]
[SourceTitle "playchess.com"]
[Source "ChessBase"]
[SourceQuality "1"]
[TimeControl "5400+30"]

1. c4 Nf6 2. Nc3 g6 3. g3 Bg7 4. Bg2 d6 5. d4 O-O 6. Nf3 c5 7. O-O Nc6 8. dxc5 dxc5 9. Bf4 Nh5 10. Be3 {[%emt 0:03:25] The position is equal.} b6 {[%emt 0:04:53] is recently more successful than 10...Nd4. E65: King's Indian: Fianchetto: 6...c5 7 0-0 without d5 by White.} 11. Ne5 Bxe5 12. Bxc6 Bh3 {[%emt 0:00:39] [#] An interesting draw.  Weighted Error Value: White=0.05 (flawless) /Black=0.00 (flawless)} {Predecessor:} 13. Re1 $146 Rc8 14. Qa4 e6 15. Bf3 Qc7 16. Nb5 Qe7 17. Qxa7 Qf6 18. Rad1 Rb8 19. b3 {1-0 (42) Veng,J (2294)-Berntsen Oybo,A (1777) Helsingor 2015} *

[Event "1000GM Saint Louis 2022"]
[Site "Saint Louis"]
[Date "2022.07.20"]
[Round "4.4"]
[White "Eswaran, Ashritha"]
[Black "Belous, Vladimir"]
[Result "1-0"]
[ECO "B36"]
[WhiteElo "2394"]
[BlackElo "2519"]
[Annotator "TA"]
[PlyCount "75"]
[EventDate "2022.07.20"]
[EventType "tourn"]
[EventCountry "USA"]
[SourceTitle "playchess.com"]
[Source "ChessBase"]
[SourceQuality "1"]
[TimeControl "5400+30"]

1. e4 c5 2. Nf3 Nc6 3. d4 cxd4 4. Nxd4 g6 5. c4 Nf6 6. Nc3 d6 7. Be2 Nxd4 8. Qxd4 Bg7 9. Be3 O-O 10. Qd2 a5 {[%emt 0:00:13] B36: Sicilian: Maroczy Bind: Gurgenidze System.} 11. f3 a4 12. Kf2 Qa5 {[%emt 0:00:40] White is slightly better. 12...Be6 might become the main line.} 13. Rac1 Bd7 14. Nd5 Nxd5 15. Qxa5 Rxa5 16. cxd5 {[%emt 0:00:14] [#]} Rc8 $146 {[%emt 0:11:16] Inhibits Rc7.} ({Predecessor:} 16... Raa8 17. Rc7 Rfd8 18. Bb6 Bxb2 19. Rc2 a3 20. Bxd8 Rxd8 21. Ke3 Kf8 22. Rc7 b6 {½-½ (58) Diaz Camallonga,C (2463)-Karacsonyi,G (2348) Chess.com INT 2021}) 17. Rxc8+ {[%emt 0:04:41] Black is now going downhill.} Bxc8 18. Rc1 Ra8 19. Rc7 $36 {[%emt 0:03:52][%mdl 2048] White is on the roll.} e6 20. Bb5 {[%emt 0:05:58] Black must now prevent Be8. White is more active.} exd5 21. exd5 Bxb2 22. Be8 $1 f5 {[%emt 0:00:07] [#]} (22... Kh8 $16 {is a better defense.}) 23. Bf7+ $1 $18 Kh8 {[%emt 0:00:03] [#]} 24. Bf4 $1 Bd4+ 25. Ke1 g5 26. Bxd6 f4 27. Be7 (27. Bb4 $18) 27... Bf5 $2 (27... Kg7 $16) 28. d6 Kg7 29. Bd5 Kg6 30. d7 Bf6 31. d8=Q Rxd8 32. Bxd8 Bxd8 33. Rxb7 {[%emt 0:00:26] KRB-KB} Ba5+ 34. Ke2 {[%emt 0:00:13] White is clearly winning.} Bc2 (34... Kf6 $142 35. Ra7 Bd8) 35. Ra7 Bb4 36. Be4+ Bxe4 37. fxe4 a3 38. Kf3 {[%emt 0:00:30] Weighted Error Value: White=0.18 (very precise) /Black=0.51} 1-0

[Event "1000GM Saint Louis 2022"]
[Site "Saint Louis"]
[Date "2022.07.20"]
[Round "4.4"]
[White "Abrahamyan, Tatev"]
[Black "Mardov, Dimitar"]
[Result "*"]
[ECO "A07"]
[WhiteElo "2291"]
[BlackElo "2396"]
[Annotator "TA"]
[PlyCount "22"]
[EventDate "2022.07.20"]
[EventType "tourn"]
[EventCountry "USA"]
[SourceTitle "playchess.com"]
[Source "ChessBase"]
[SourceQuality "1"]
[TimeControl "5400+30"]

1. Nf3 d5 2. g3 Bg4 3. Bg2 Nd7 4. O-O e6 5. h3 Bh5 6. d4 {[%emt 0:00:13] A07: Réti Opening: New York and Capablanca Systems.} Ngf6 7. c4 c6 8. cxd5 exd5 9. Ne5 {[%emt 0:00:28] now scores much better than the old 9.Qb3.} Bg6 10. Nc3 {[%emt 0:01:53] [#]} Nb6 $146 ({Predecessor:} 10... Bb4 11. Qb3 a5 12. f4 h6 13. Nxg6 fxg6 14. e4 Qb6 15. exd5 Qxd4+ 16. Kh2 Nc5 {1-0 (77) Grandelius,N (2656)-Giri,A (2773) Chess.com INT 2022}) 11. Bg5 Be7 {[%emt 0:01:08] Weighted Error Value: White=0.06 (flawless) /Black=0.09 (flawless)} *

[Event "1000GM Saint Louis 2022"]
[Site "Saint Louis"]
[Date "2022.07.20"]
[Round "4.5"]
[White "Eswaran, Ashritha"]
[Black "Belous, Vladimir"]
[Result "*"]
[ECO "B36"]
[WhiteElo "2394"]
[BlackElo "2519"]
[Annotator "TA"]
[PlyCount "38"]
[EventDate "2022.07.20"]
[EventType "tourn"]
[EventCountry "USA"]
[SourceTitle "playchess.com"]
[Source "ChessBase"]
[SourceQuality "1"]
[TimeControl "5400+30"]

1. e4 c5 2. Nf3 Nc6 3. d4 cxd4 4. Nxd4 g6 5. c4 Nf6 6. Nc3 d6 7. Be2 Nxd4 8. Qxd4 Bg7 9. Be3 O-O 10. Qd2 a5 {[%emt 0:00:13] B36: Sicilian: Maroczy Bind: Gurgenidze System.} 11. f3 a4 12. Kf2 Qa5 {[%emt 0:00:40] White is slightly better. 12...Be6 deserves study.} 13. Rac1 Bd7 (13... Be6 $11) 14. Nd5 $14 Nxd5 15. Qxa5 Rxa5 16. cxd5 {[%emt 0:00:13] [#]} Rc8 $146 {[%emt 0:11:16] Prevents Rc7.} ({Predecessor:} 16... Raa8 17. Rc7 Rfd8 18. Bb6 Bxb2 19. Rc2 a3 20. Bxd8 Rxd8 21. Ke3 Kf8 22. Rc7 b6 {½-½ (58) Diaz Camallonga,C (2463)-Karacsonyi,G (2348) Chess.com INT 2021}) 17. Rxc8+ Bxc8 18. Rc1 Ra8 19. Rc7 e6 {[%emt 0:07:46] Weighted Error Value: White=0.03 (flawless) /Black=0.07 (flawless)} *

[Event "1000GM Saint Louis 2022"]
[Site "Saint Louis"]
[Date "2022.07.21"]
[Round "5.1"]
[White "Belous, Vladimir"]
[Black "Woodward, Andy"]
[Result "1-0"]
[ECO "D93"]
[WhiteElo "2519"]
[BlackElo "2486"]
[Annotator "TA"]
[PlyCount "63"]
[EventDate "2022.07.20"]
[EventType "tourn"]
[EventCountry "USA"]
[SourceTitle "playchess.com"]
[Source "ChessBase"]
[SourceQuality "1"]
[TimeControl "5400+30"]

1. c4 Nf6 2. Nf3 g6 3. Nc3 d5 4. d4 Bg7 5. Bf4 O-O 6. e3 c5 7. dxc5 Qa5 8. Rc1 dxc4 9. Bxc4 Qxc5 10. Bb3 Nc6 11. O-O Qa5 12. h3 Bf5 13. Qe2 Ne4 14. Nd5 {[%emt 0:00:02] [#] Black must now prevent Bc7. was the old line (14.Nxe4).} e5 {[%emt 0:00:10] D93: Grünfeld: 4 Nf3 Bg7 5 Bf4 0-0 6 e3.} 15. Bg5 Nc5 (15... Nxg5 $11 16. Nxg5 Qd8) 16. Bc4 $16 {[%emt 0:08:05][%cal Ob2b4] [#] Threatens to win with b4!} Be6 $146 (16... Kh8 $16) ({Predecessor:} 16... e4) 17. Ne7+ $18 Nxe7 18. Bxe7 {[%emt 0:00:11] [#] And now b4 would win.} Rfc8 19. Ng5 Bxc4 $2 (19... b5) 20. Qxc4 ({Weaker is} 20. Rxc4 h6 $16) 20... Ne6 21. Qxc8+ Rxc8 22. Rxc8+ Nf8 23. Rd1 {[%emt 0:01:44] Hoping for Rdd8.} h6 24. Ne4 Qa4 25. Nc3 Qc2 26. Bxf8 Bxf8 27. Rdd8 Qxb2 28. Rxf8+ Kg7 29. Nd5 {[%emt 0:00:18] Rg8+ would kill now.} f5 30. Rfd8 {[%emt 0:00:32][%cal Rd8d7] White mates.} g5 31. Rd6 Qc1+ 32. Rxc1 {[%emt 0:00:06] Black got outplayed after the opening.  Weighted Error Value: White=0.09 (flawless) /Black=1.07} 1-0

[Event "1000GM Saint Louis 2022"]
[Site "Saint Louis"]
[Date "2022.07.21"]
[Round "5.2"]
[White "Mardov, Dimitar"]
[Black "Eswaran, Ashritha"]
[Result "1-0"]
[ECO "A28"]
[WhiteElo "2396"]
[BlackElo "2394"]
[Annotator "TA"]
[PlyCount "181"]
[EventDate "2022.07.20"]
[EventType "tourn"]
[EventCountry "USA"]
[SourceTitle "playchess.com"]
[Source "ChessBase"]
[SourceQuality "1"]
[TimeControl "5400+30"]

1. c4 e5 2. Nc3 Nf6 3. Nf3 Nc6 4. e3 Bb4 5. Qc2 Bxc3 6. bxc3 e4 {[%emt 0:00:43] A28: English Opening: Four Knights Variation.} 7. Nd4 (7. Ng5 $5 ) 7... Ne5 8. f4 exf3 {[%emt 0:01:18] The position is equal.} 9. Nxf3 {[%emt 0:01:18] [#]} Ng6 $146 ({Predecessor:} 9... d6 10. Be2 O-O 11. O-O Bg4 12. d4 Nxf3+ 13. gxf3 Bh3 14. Rf2 Re8 15. Bd2 Nh5 {0-1 (38) Iturrizaga Bonelli,E (2633)-Dreamist,T (2744) Chess.com INT 2019}) 10. Be2 O-O 11. O-O Qe7 12. Nd4 d6 13. Nf5 Bxf5 (13... Qe5 {with more complications.} 14. Ng3 Ng4 15. Rb1 Qg5) 14. Qxf5 c6 15. Rb1 Rfe8 16. Rb3 Rad8 17. d3 d5 18. cxd5 cxd5 19. Bd2 b6 20. Rb4 Rc8 21. Bd1 Ne5 22. Bb3 Red8 23. Rd4 h6 24. Kh1 b5 25. Qh3 (25. e4 {keeps more tension.} dxe4 26. dxe4 Re8 27. Bxh6 gxh6 28. Qxf6 Qxf6 29. Rxf6 Rxc3 30. Rxh6 Rc1+ 31. Rd1) 25... Rc6 26. Be1 Ng6 27. Qf3 Re6 28. Bf2 Qc7 29. Bg3 (29. Bxd5 $2 Ne5 30. Bg3 Rxd5 31. Rxd5 Nxf3 $19) 29... Qe7 (29... Ne5 $11) 30. e4 $1 $14 (30. Bxd5 Rxe3 31. Qf5 Nxd5 32. Rxd5 Rxd5 33. Qxd5 a6 $11) 30... dxe4 31. Rxd8+ (31. Qf5 $16 Rxd4 32. cxd4) 31... Qxd8 $11 32. dxe4 Re7 33. h3 Qe8 34. Qf5 $36 {[%emt 0:01:57][%mdl 2048] Qxg6 is the strong threat. White fights for an advantage.} Nxe4 $2 35. Qxg6 $1 $18 Nd2 $2 {[%emt 0:00:25] [#]} (35... Re6 {is a better defense.} 36. Bxe6 Qxe6 37. Qxe6 Nxg3+ 38. Kg1 fxe6) 36. Be5 $1 Qf8 {[%emt 0:00:06] [#]} 37. Rxf7 Rxf7 38. Bxg7 Qxg7 39. Bxf7+ {[%emt 0:00:05][%mdl 4096] Endgame KQB-KQN} Kf8 {[%emt 0:00:03] [#]} 40. Qd6+ ({White should play} 40. Qe6 $1 $18 Qh7 (40... Qxf7 41. Qxh6+) 41. Qd6+ Kxf7 42. Qd7+ (42. Qxd2 Qb1+ 43. Kh2 Qf5 $16) 42... Kg6 43. Qd3+ (43. Qxd2 Qb7 $16) 43... Kg7 44. Qd7+ (44. Qxd2 Qb1+ 45. Kh2 Qf1 $16) 44... Kg8 45. Qd8+ (45. Qxd2 Qe4 $16) 45... Kf7 46. Qd5+ (46. Qxd2 Qb1+ 47. Kh2 Qf5 $16) 46... Kf6 47. Qxd2) 40... Kxf7 $14 41. Qxd2 {[%emt 0:00:12] Threatens to win with Qd5+. KQ-KQ} Qe5 {[%emt 0:00:34] Against Qd5+} 42. Qd7+ ({Much weaker is} 42. Qxh6 Qe1+ 43. Kh2 Qe5+ 44. g3 Qe2+ 45. Kh1 Qe1+ 46. Kh2 Qf2+ 47. Kh1 Qe1+ 48. Kh2 Qf2+ 49. Kh1 Qe1+ $11) 42... Kg6 43. Qxa7 {[%emt 0:01:35] Strongly threatening Qb6+.} Qe1+ 44. Qg1 Qxc3 45. Qb6+ Kg7 46. Qb7+ Kg6 47. Qe4+ Kg7 $1 48. Qg4+ Kh7 49. Kh2 Qc4 50. Qf5+ Kg7 51. Qe5+ Kh7 52. a3 Kg6 53. Qg3+ Kh7 54. h4 Qe2 55. Qf4 Qd3 (55... Qc4 $16 56. Qf5+ Kg7) 56. Qf7+ Kh8 57. Qf6+ Kh7 {[%emt 0:00:06] [#]} 58. h5 (58. Qe7+ $1 $18 Kg8 59. Qe6+ Kh7 60. h5) 58... Qe4 $16 59. Kh3 Qe3+ 60. Qf3 Qc1 61. Qf5+ Kh8 62. Qe5+ Kh7 63. Qxb5 (63. Qe4+ $16 Kg7 64. Qf3) 63... Qxa3+ $11 64. g3 Qc1 65. Qf5+ Kh8 66. Qf8+ Kh7 67. Qf7+ Kh8 68. Qd5 Kh7 69. Kg4 Qe3 70. Qf7+ Kh8 71. Qf6+ Kh7 72. Qg6+ Kh8 73. Kh3 Qc1 74. Qf6+ Kh7 75. Qf5+ Kh8 76. Qf4 Qh1+ 77. Kg4 Qd1+ 78. Qf3 Qd2 79. Qf8+ Kh7 80. Qe7+ Kh8 81. Kf5 {[%emt 0:01:20] aiming for Qe5+.} Qf2+ 82. Kg4 {[%emt 0:00:45] White threatens Qe5+ and mate.} Qd2 83. Qe5+ Kh7 84. Kh3 Qc1 85. Qd5 Qf1+ 86. Kh4 {[%emt 0:00:22] Black must now prevent Qe4+.} Qc1 87. Kg4 Qe3 88. Qf7+ Kh8 89. Qf4 Qe2+ 90. Kf5 Qxh5+ $2 {[%emt 0:00:08][%mdl 8192] [#]} (90... Qc2+ $11 91. Kg4 Qc6 92. Qf8+ Kh7) 91. Ke4 $2 {[%emt 0:03:41][%mdl 32768] Weighted Error Value: White=0.18 (very precise) /Black=0.27 (precise) . Sensor Board Error (Ke4/e5)?} (91. Kf6 $1 {mates} Qg5+ 92. Qxg5 hxg5 93. Kxg5 Kg7 94. g4 Kh7 95. Kf6 Kh6 96. g5+ Kh7 97. Kf7) 1-0

[Event "1000GM Saint Louis 2022"]
[Site "Saint Louis"]
[Date "2022.07.21"]
[Round "5.3"]
[White "Gauri, Shankar"]
[Black "Abrahamyan, Tatev"]
[Result "1/2-1/2"]
[ECO "D02"]
[WhiteElo "2376"]
[BlackElo "2291"]
[Annotator "TA"]
[PlyCount "93"]
[EventDate "2022.07.20"]
[EventType "tourn"]
[EventCountry "USA"]
[SourceTitle "playchess.com"]
[Source "ChessBase"]
[SourceQuality "1"]
[TimeControl "5400+30"]

1. Nf3 Nf6 2. c4 e6 3. g3 d5 4. Bg2 Bd6 5. d4 O-O 6. O-O h6 $1 {[%emt 0:00:04][%mdl 4] is now more promising than 6...c6. D02: 1 d4 d5 2 Nf3 sidelines, including 2...Nf6 3 g3 and 2...Nf6 3 Bf4.} 7. Nc3 Nc6 8. b3 dxc4 {[%emt 0:00:29] White is slightly better.} 9. bxc4 e5 10. d5 Na5 11. Nd2 b6 12. Qc2 {[%emt 0:03:40] [#]} Ba6 $146 ({Predecessor:} 12... Bd7 13. Qd3 Nb7 14. e4 Nc5 15. Qe2 Re8 16. Nb3 Qe7 17. Be3 a6 18. h3 Reb8 19. Nxc5 Bxc5 {½-½ (56) Herega,N (2185)-Martinkus,R (2033) Terme Catez 2022}) 13. Nb5 Bxb5 14. cxb5 Qd7 15. a4 a6 16. Rb1 Ra7 17. Bb2 axb5 18. axb5 Rfa8 19. Bc3 Qe8 20. h3 Nd7 21. Kh2 Nc5 22. Rfc1 Nab7 {[%emt 0:05:38] Pair of Knights!} 23. Nc4 Ra2 24. Rb2 Rxb2 25. Qxb2 Ra4 26. Ne3 (26. Nxe5 $11 Ne4 27. Bd4) 26... Na5 $15 27. Bxa5 Rxa5 28. Rb1 Qa8 29. Qc2 Ra2 30. Rb2 Rxb2 31. Qxb2 Qa4 32. h4 {[%emt 0:00:48] [#]} (32. Nf5 $11) 32... h5 $1 $17 33. Bh3 g6 {[%emt 0:01:30] Against Bf5} 34. Qb1 ({Better is} 34. Kg1) 34... Ne4 35. Kg2 Qd4 36. Bd7 Bc5 {[%emt 0:01:34][%cal Oe4f2] Hoping for ...Nxf2!} 37. Qd3 Kf8 38. Bc6 Ke7 39. Qxd4 exd4 $15 {[%emt 0:00:23][%mdl 4096] Endgame KBN-KBN} ({Reject} 39... Bxd4 $6 40. Nc4 $11) 40. Nc4 d3 $1 41. exd3 Nxf2 42. Ne5 {[%emt 0:00:30] [#]} Nd1 $1 43. Kf3 Nc3 44. Nc4 f6 45. Nd2 Bd6 (45... Na2 $17 46. Nb3 Bd6) 46. Nc4 $11 Bc5 ({Black should play} 46... g5 $11) 47. Nd2 $1 {[%emt 0:00:02] Weighted Error Value: White=0.10 (very precise) /Black=0.10 (very precise)} 1/2-1/2

[Event "1000GM Saint Louis 2022"]
[Site "Saint Louis"]
[Date "2022.07.21"]
[Round "5.4"]
[White "Dragun, Kamil"]
[Black "Yu, Jennifer"]
[Result "1-0"]
[ECO "C43"]
[WhiteElo "2563"]
[BlackElo "2268"]
[Annotator "TA"]
[PlyCount "199"]
[EventDate "2022.07.20"]
[EventType "tourn"]
[EventCountry "USA"]
[SourceTitle "playchess.com"]
[Source "ChessBase"]
[SourceQuality "1"]
[TimeControl "5400+30"]

1. e4 e5 2. Nf3 Nf6 3. d4 Nxe4 4. Bd3 d5 5. Nxe5 Be7 6. O-O O-O 7. c4 Nf6 8. Nc3 c6 9. Bg5 {[%emt 0:07:52] C43: Petroff Defence: 3 d4.} Nbd7 10. Re1 Nxe5 {[%emt 0:24:29] [#]} 11. Rxe5 $146 {[%emt 0:19:17] The position is equal.} ({Predecessor:} 11. dxe5 Ng4 12. Bxe7 Qxe7 13. h3 dxc4 14. Bf1 Nh6 15. Bxc4 Rd8 16. Qf3 Be6 17. Qe4 {1-0 (60) Rabhi,C (2089)-Le Gallo,F (1960) Gorges 2004}) 11... dxc4 12. Bxc4 h6 13. Bh4 Bd6 14. Re1 g5 15. Bg3 Bxg3 16. hxg3 Bf5 17. Bb3 Bg6 18. Qf3 Kg7 19. d5 cxd5 20. Nxd5 Nxd5 21. Bxd5 Rb8 22. Rac1 b5 23. Rc6 b4 24. Ra6 Rb5 25. Bb3 {[%emt 0:02:59] White is much more active.} Rf5 (25... Ra5 $14 26. Rc6 Qd4) 26. Qe3 $16 Ra5 27. Rxa5 Qxa5 28. Qd4+ $1 Kh7 29. Re7 Qf5 (29... Qb6 $16 {was necessary.} 30. Qxb6 axb6) 30. g4 (30. Qxa7 Qb1+ 31. Kh2 Qxb2 32. Bxf7 Bxf7) (30. Qxb4 $6 Rd8 31. Qc3 (31. Rxa7 Qb1+ 32. Kh2 Qxb2 $16) 31... Rc8) 30... Qb1+ 31. Kh2 a5 32. Ra7 Qc1 33. Qf6 {[%emt 0:01:25] Inhibits Qc6.} Qc5 $2 {[%emt 0:00:25][%mdl 8192] [#]} (33... Qd2 $16 34. Bc4 (34. Rxa5 Qe2 $16) (34. Bxf7 Bxf7 35. Rxf7+ Rxf7 $16) 34... Qd8) 34. Bxf7 $1 $18 Bxf7 (34... Rxf7 35. Rxf7+) 35. Rxf7+ Rxf7 36. Qxf7+ {[%emt 0:00:05][%mdl 4096] Endgame KQ-KQ} Kh8 37. Qf6+ Kg8 38. Qg6+ Kh8 $2 (38... Kf8 39. Qxh6+ Ke7) 39. Qxh6+ Kg8 40. Qg6+ Kh8 41. Qf6+ Kg8 42. Qf5 Qd6+ 43. g3 Qd2 44. Kg2 (44. Qxa5 Qxf2+ 45. Kh3 Qf1+ 46. Kh2 Qf2+ 47. Kh3 Qf1+ 48. Kh2 Qf2+ $11) 44... a4 (44... Qd8 45. Kh3 Kg7 46. Qe5+ Kg8) 45. Qg6+ Kf8 46. Qf6+ Ke8 47. Qc6+ Kf8 48. Qxa4 Qxb2 49. Qa8+ Kg7 50. Qd5 Kh6 51. Qe6+ Kg7 52. Qd7+ Kh6 53. Qd5 Kg6 54. Kg1 $2 (54. Qg8+ $18 Kh6 55. Qf7) 54... Qa1+ $1 $11 55. Kh2 $2 (55. Kg2 $11 Qc3 56. Qf5+ Kh6 57. Qf7) 55... Qh8+ $1 $18 56. Kg2 Qb2 $1 57. Qf5+ Kh6 58. Qf7 Qd2 59. Kh3 {[%emt 0:00:59] Hoping for f4.} Qc1 60. Qe6+ Kg7 61. Qd7+ Kh6 62. Qd6+ Kg7 63. Qd4+ $2 (63. Qe5+ Kh7 64. Qf5+ Kh6 65. Qf6+ Kh7 66. Kg2) 63... Kh6 $2 (63... Kg6 64. Qe4+ Kh6 65. Qe6+ Kg7 66. Qe5+ Kh7 67. Qf5+ Kh8) 64. Kh2 Qc3 65. Qd6+ Kg7 66. Qe7+ Kg6 67. Qe6+ Kg7 68. Qe2 $2 (68. Qd7+ Kg6 69. Qf5+ Kh6 70. Qf7) 68... Qd4 69. Kg2 Qd5+ 70. f3 Qd4 $2 (70... Qd6 71. Qe1 Kf6) 71. Kh3 $2 (71. Qe7+ Kh6 72. Qf8+ Kg6 73. Qf5+ Kh6 74. f4) 71... Qa1 72. f4 $2 ({Better is} 72. Kh2 $18) 72... Qh1+ $11 73. Qh2 Qb1 (73... Qc1 $1 $11 {keeps the balance.}) 74. f5 $16 (74. fxg5 $6 Qh7+ 75. Kg2 Qe4+ 76. Kh3 Qh7+ 77. Kg2 Qe4+ 78. Kh3 Qh7+ $11) 74... Kf6 75. Qg2 Qc1 (75... Ke7 $16 76. Qe2+ Kf8) 76. Kh2 $1 $18 Qc4 77. Qb2+ $1 Qc3 (77... Ke7 $142 78. Kg2 Qxg4) 78. Qe2 $1 {[%emt 0:00:10] Strongly threatening Qe6+.} Qc6 {[%emt 0:00:20] Prevents Qe6+.} 79. Qd2 (79. Qd3 $1 $18 {[%cal Rd3d8] is the precise move to win.}) 79... Qf3 $16 80. Qb2+ (80. Qxb4 Qf2+ 81. Kh3 Qf1+ 82. Kh2 Qf2+ 83. Kh3 Qf1+ 84. Kh2 Qf2+ $11) 80... Qc3 81. Qe2 (81. Qf2 $16) 81... Qc6 $18 {[%emt 0:00:13] [#]} 82. Qd3 $1 {[%emt 0:00:51] aiming for Qd8+.} Qc5 $2 {[%emt 0:01:08] [#]} (82... Qa4 83. Qd4+ Kf7 84. Qc4+ Kg7 85. Qc7+ Kg8 86. Qc8+ Kf7 87. Qe6+ Kf8 88. Qh6+ Ke8 89. Qh5+ (89. Qxg5 Qxa2+ 90. Kh3 Qd5 $16) 89... Kf8 90. Qh6+ (90. Qxg5 Qxa2+ 91. Kh3 Qd5 $16) 90... Ke8 91. Qh5+ (91. Qxg5 Qxa2+ 92. Kh3 Qd5 $16) 91... Kf8 92. Qh6+ (92. Qxg5 Qxa2+ 93. Kh3 Qd5 $16)) 83. Kg2 $1 {[%emt 0:00:36] Black must now prevent Qd8+.} Qc6+ 84. Kf2 Qc5+ 85. Ke2 Qe5+ (85... Qg1 $142 86. Qe3 Qg2+ 87. Kd3 Kf7 88. Qe6+ (88. Qxg5 Qd5+ 89. Ke3 Qc5+ 90. Kf3 Qd5+ 91. Ke3 Qc5+ 92. Kf3 Qd5+ 93. Ke3 $16) 88... Kf8 89. Qf6+ Ke8 90. Qe6+ Kf8 91. Qf6+ Ke8 92. Qe5+ Kf8) 86. Kf3 {[%emt 0:00:15] And now Qd8+ would win.} Qa1 87. Qa6+ Kf7 88. Qc4+ Kg7 89. Ke4 {[%emt 0:00:46] White threatens Qd4+ and mate.} Qe1+ 90. Kd5 {[%emt 0:00:18] Qc7+ would kill now.} Qxg3 91. Qd4+ Kf7 92. Qa7+ Ke8 93. Ke6 Qe1+ 94. Kf6 Qc3+ 95. Kg6 Qc6+ 96. f6 Qe4+ 97. Kg7 Qe5 98. Qf7+ Kd8 99. Qf8+ Kd7 100. Qxb4 {[%emt 0:00:11] Weighted Error Value: White=0.15 (very precise) /Black=0.12 (very precise)} 1-0

[Event "1000GM Saint Louis 2022"]
[Site "Saint Louis"]
[Date "2022.07.21"]
[Round "5.5"]
[White "Kretchetov, Alexandre"]
[Black "Chandra, Akshat"]
[Result "1/2-1/2"]
[ECO "E71"]
[WhiteElo "2219"]
[BlackElo "2485"]
[Annotator "TA"]
[PlyCount "133"]
[EventDate "2022.07.20"]
[EventType "tourn"]
[EventCountry "USA"]
[SourceTitle "playchess.com"]
[Source "ChessBase"]
[SourceQuality "1"]
[TimeControl "5400+30"]

1. d4 {[%emt 0:04:56] Hazai,L} Nf6 2. c4 g6 3. Nc3 Bg7 4. e4 d6 5. h3 Nbd7 6. Bd3 e5 7. d5 Nc5 8. Bc2 a5 9. Bg5 O-O 10. Nge2 Bd7 {[%emt 0:14:25] E71: King's Indian: 4 e4 d6 5 h3.} 11. Qd2 Qe8 12. g4 {[%emt 0:02:56] [#]} c6 $146 ({Predecessor:} 12... b5 13. cxb5 Bxb5 14. Ng3 Ba6 15. O-O-O Nfd7 16. Bh6 f6 17. Bxg7 Kxg7 18. h4 Nb6 {0-1 (48) Yermolinsky,A (2575)-Radjabov,T (2628) Hyderabad 2002 CBM 092 [Hazai,L]}) 13. Ng3 cxd5 14. cxd5 b5 15. Nd1 b4 16. f3 Qb8 17. Bb1 Ba4 18. h4 Bxd1 19. Kxd1 Qb5 20. h5 Qa4+ 21. Ke2 b3 22. Be3 bxa2 23. Rxa2 {[%emt 0:00:09] Dancing on a razor blade.} Qc4+ 24. Kf2 Nb3 25. Qd3 (25. Qc3 $14 Qxc3 26. bxc3) 25... Qb4 (25... Qxd3 $11 26. Bxd3 Rfb8) 26. Bc2 (26. h6 $5 Bh8 27. Bc2 $16) 26... Nd4 27. Ba4 $1 {[%emt 0:01:13] Inhibits Nd7.} Rfd8 28. Rc1 (28. Bg5 $16) 28... Nd7 $1 $11 29. Bc6 {[%emt 0:04:06] This bishop pair is nice.} Rab8 30. Bxd7 Rxd7 31. Qa6 (31. h6 $14 Bf6 32. g5) 31... Rdd8 (31... Rdb7 $15) 32. Rc3 Ra8 33. Qd3 a4 34. Ne2 Nb3 (34... gxh5 $11 35. gxh5 Bf6) 35. Rc4 $14 Qb7 36. h6 ({White should try} 36. Raxa4 $16 Rxa4 37. Rxa4) 36... Bf8 $1 37. Rcxa4 Rxa4 38. Rxa4 {[%emt 0:00:06] Hoping for Ra7.} Nc5 $1 39. Bxc5 dxc5 40. Qd2 Qe7 {[%emt 0:00:56] [#]} (40... Rb8 $14) 41. Ra1 {[%emt 0:00:00] White is more active.} (41. Kg3 $1 $16) 41... Qh4+ $11 42. Kg2 $1 Bxh6 43. Qc3 Qe7 44. Ra5 Bf8 45. Nc1 h5 46. Nd3 hxg4 47. fxg4 Qg5 48. Nf2 ({Not} 48. Nxe5 $2 Bg7 49. Nxf7 Qxg4+ 50. Qg3 Qxe4+ 51. Qf3 Qxf3+ 52. Kxf3 Rxd5 $19) 48... Rb8 {[%emt 0:00:21][%cal Oc5c4] Threatens to win with ...c4!} 49. Ra7 Qf4 {[%emt 0:00:30][%cal Oc5c4] And now ...c4! would win.} 50. b3 Kg7 51. Qd3 (51. Qf3 $11) 51... Rb6 ({Better is} 51... Bd6 $17 {[%cal Oc5c4] Strongly threatening ...c4!} 52. Ra1 Rh8) 52. Ra6 $2 (52. Ra1 $11) 52... Rb4 $2 (52... c4 $1 $19 53. Qxc4 {[#]} Bc5 $1 54. Qxc5 Rxa6) 53. Ra8 $2 (53. Ra2 $11 {and White has nothing to worry.}) 53... c4 $1 $19 54. bxc4 ({Avoid the trap} 54. Qh3 $2 Rxb3 55. Ra2 Rxh3 $19) (54. Qf3 Qxf3+ 55. Kxf3 cxb3 56. Ra1) 54... Rb2 $1 55. Qf3 Bc5 56. Qxf4 exf4 57. e5 Rxf2+ {[%emt 0:00:06] KRB-KR} 58. Kh3 Rf3+ (58... f3 $142 59. Ra1 Rc2 60. Kg3 f2 61. Rf1 Rxc4 62. Kf3 Rc3+ 63. Ke2 Rg3 64. d6 Rxg4 65. d7 Re4+ 66. Kf3 Re3+ 67. Kxf2 Rxe5+ 68. Kg3 Rd5 69. Rc1 Bb6 70. Kf4 Rd4+ 71. Kg3 Rxd7 72. Kh3 f5 73. Rc6 Bc7 74. Rc5 Kf6 75. Rc6+ Bd6 76. Rc8 Bc7 77. Kg2 Kg7 78. Kg1 g5 79. Ra8 g4 80. Ra3 f4 81. Kf1 f3 82. Kf2 Rd2+ 83. Ke3 Re2+ 84. Kd4 f2 85. Ra7 Re7 86. Ra1 g3 87. Kd5 g2 88. Kd4 f1=Q 89. Rxf1 gxf1=Q 90. Kc3 Qb5 91. Kc2 Qc4+ 92. Kd2 Bf4+ 93. Kd1 Qe2#) 59. Kh2 Rf2+ (59... Rd3 $142 60. Ra1 Bd4) 60. Kh3 Re2 (60... f3 $142 61. Ra1 Rc2) 61. d6 f3 $2 (61... Rd2 $19 62. Ra5 Bd4) 62. d7 $11 {[%emt 0:00:07] The position is equal.} f2 63. Rg8+ {[%emt 0:00:16][%mdl 64] Decoy} Kxg8 64. d8=Q+ Kg7 65. Qf6+ Kg8 {[%emt 0:00:13] ( -> ...Re1)} 66. Qd8+ Kg7 67. Qf6+ {[%emt 0:00:05] And White is the lucky defender.  Weighted Error Value: White=0.58/Black=0.57} 1/2-1/2